 Dungeon Sprint DCSS version 0.23-a0-303-gfcac5de (webtiles) character file.

237 Kidiri the Covert (level 5, -7/27 HPs)
             Began as a Spriggan Enchanter on Oct 8, 2018.
             Mangled by a human
             ... wielding a cursed -1 dagger
              (9 damage)
             ... in the Dungeon (Sprint III: "The Ten Rune Challenge").
             The game lasted 00:02:41 (505 turns).

Kidiri the Covert (Spriggan Enchanter)               Turns: 505, Time: 00:02:42

Health: -7/27      AC:  2    Str:  4    XL:     5   Next: 77%
Magic:  1/14       EV: 24    Int: 16    God:
Gold:   16         SH:  0    Dex: 20    Spells: 7/16 levels left

rFire    . . .     SeeInvis +   a - +1 dagger
rCold    . . .     Gourm    .   (shield restricted)
rNeg     . . .     Faith    .   b - +0 robe
rPois    .         Spirit   .   (helmet restricted)
rElec    .         Reflect  .   (no cloak)
rCorr    .         Harm     .   (gloves unavailable)
MR       .....     NoTele   +   (boots unavailable)
Stlth    ++++......             (no amulet)
HPRegen  0.09/turn              (no ring)
MPRegen  0.14/turn              (no ring)

@: very quick
A: very small, unfitting armour, see invisible, agile 1, herbivore, speed 3,
slow metabolism 2
a: no special abilities


You were in the Dungeon.
You were not hungry.

You visited 1 branch You collected 16 gold pieces.

Inventory:

Hand Weapons
 a - a +1 dagger (weapon)
Armour
 b - a +0 robe (worn)
Scrolls
 j - a scroll of blinking
 k - a scroll of torment
 l - a scroll of identify {unknown}
 m - a scroll of magic mapping {unknown}
 n - a scroll of enchant weapon {unknown}
 o - a scroll of remove curse {unknown}
Potions
 c - a potion of cancellation {unknown}
 e - 2 potions of curing
 f - a potion of heal wounds
 g - a potion of haste
 h - 2 potions of magic
 i - 2 potions of mutation
 q - a potion of flight {unknown}
Comestibles
 d - 4 rations


   Skills:
 + Level 2.5 Fighting
 * Level 5.3 Short Blades
 + Level 2.3 Armour
 * Level 7.8 Dodging
 * Level 9.0 Stealth
 * Level 6.4 Spellcasting
 + Level 5.5 Hexes
 + Level 2.1 Ice Magic


You had 7 spell levels left.
You knew the following spells:

 Your Spells              Type           Power        Failure   Level  Hunger
a - Corona                Hex            ###....      1%          1    None
b - Ensorcelled Hibernat  Hex/Ice        ###...       4%          2    None
c - Confuse               Hex            ###.....     4%          3    ##.....
d - Tukima's Dance        Hex            ###.....     4%          3    ##.....

Your spell library contained the following spells:

 Spells                   Type           Power        Failure   Level  Hunger
 Dazzling Spray           Conj/Hex       ##....       13%         3    ##.....


Dungeon Overview and Level Annotations

Branches:
Dungeon (1/1)

Altars:
Okawaru
Trog
Uskayaw
Wu Jian
Beogh


Innate Abilities, Weirdness & Mutations

You are very small and have problems with some larger weapons.
You are too small for most types of armour.
You have supernaturally acute eyesight. (SInv)
You are a herbivore.
You cover ground extremely quickly.
You need to consume almost no food.
You are agile. (Dex +2)


Message History

You are too injured to fight recklessly!
You are too injured to fight recklessly!
You are too injured to fight recklessly!
You hit the human.
The human is lightly wounded.
The human misses you.
You hit the human but do no damage.
The human is lightly wounded.
The human hits you but does no damage.
You hit the human.
The human is lightly wounded.
The human barely misses you.
You hit the human but do no damage.
The human is lightly wounded.
The human hits you with an enchanted dagger!
* * * LOW HITPOINT WARNING * * *
You miss the human.
The human is lightly wounded.
The human hits you with an enchanted dagger!
You die...

▓▓▓ ▓▓▓ ..#### ##.#
##### .....#####..#
#___# ......#..#..#
#__.#
.##..÷#..#..###+#p###+##
.###..##+#..#...@......#
#.##..###...'.⌠........#
.##..####...#...######+#
.##..###....#.⌠.#
##...##.....#...#
#....#......#+###
#..##÷#.....#
#..#####....# ▓▓▓▓
▓▓▓▓▓▓


You could see a human (berserk).

Vanquished Creatures
  A water elemental (D)
  2 humans (D)
  A wolf (D)
  An ooze (D)
  3 rats (D)
8 creatures vanquished.

Vanquished Creatures (others)
  2 draconian scorchers (D)
  A yaktaur (D)
  6 hellions (D)
9 creatures vanquished.

Grand Total: 17 creatures vanquished

Notes
Turn   | Place    | Note
-------+----------+-------------------------------------------
     0 | D        | Kidiri the Spriggan Enchanter began the quest for the Orb.
     0 | D        | Reached XP level 1. HP: 9/9 MP: 5/5
    11 | D        | Reached skill level 5 in Stealth
   124 | D        | Killed a hellion
   135 | D        | Killed a hellion
   147 | D        | Killed a hellion
   165 | D        | Killed a yaktaur
   176 | D        | Killed a white draconian scorcher
   193 | D        | Noticed a wolf
   200 | D        | Killed a wolf
   200 | D        | Reached skill level 1 in Fighting
   200 | D        | Reached skill level 1 in Armour
   200 | D        | Reached XP level 2. HP: 14/14 MP: 5/7
   207 | D        | Reached skill level 6 in Stealth
   207 | D        | Reached XP level 3. HP: 18/18 MP: 5/9
   226 | D        | Killed a hellion
   236 | D        | Killed a white draconian scorcher
   246 | D        | Learned a level 2 spell: Ensorcelled Hibernation
   250 | D        | Learned a level 3 spell: Confuse
   254 | D        | Learned a level 3 spell: Tukima's Dance
   275 | D        | Gained mutation: You are frail. (-10% HP) [potion of
                  | mutation]
   275 | D        | Gained mutation: You are agile. (Dex +2) [potion of
                  | mutation]
   275 | D        | Lost mutation: You are frail. (-10% HP) [potion of
                  | mutation]
   286 | D        | Killed a hellion
   288 | D        | Killed a hellion
   435 | D        | Noticed a water elemental
   442 | D        | Killed a water elemental
   442 | D        | Reached skill level 5 in Dodging
   442 | D        | Reached skill level 7 in Stealth
   442 | D        | Reached skill level 5 in Spellcasting
   442 | D        | Reached skill level 1 in Ice Magic
   442 | D        | Reached XP level 4. HP: 23/23 MP: 10/12
   487 | D        | Found a hide-covered altar of Uskayaw.
   487 | D        | Found an iron altar of Okawaru.
   488 | D        | Found a roughly hewn altar of Beogh.
   488 | D        | Found a bloodstained altar of Trog.
   488 | D        | Found an ornate altar of the Wu Jian Council.
   488 | D        | Noticed a human
   488 | D        | Noticed a human
   500 | D        | Killed a human
   500 | D        | Reached skill level 5 in Short Blades
   500 | D        | Reached skill level 9 in Stealth
   500 | D        | Reached skill level 5 in Hexes
   500 | D        | Reached XP level 5. HP: 10/27 MP: 0/14
   505 | D        | Mangled by a human

Vault maps used:
D:        dungeon_sprint_mu

Skill      XL: |  1  2  3  4 |
---------------+-------------+-----
Spellcasting   | 3 4 5 6 |  6.4
Stealth        | 5 6 7 9 |  9.0
Fighting       | 1 2 |  2.5
Short Blades   | 2 3 5 |  5.3
Armour         | 1 2 |  2.3
Dodging        | 4 5 7 |  7.8
Hexes          | 4 5 |  5.5
Ice Magic      | 1 2 |  2.1

Action                   |  1- 3 |  4- 6 || total
-------------------------+-------+-------++-------
Melee: Dagger            |    16 |     6 ||    22
 Cast: Ensorcelled Hiber |       |     5 ||     5
       Corona            |       |     2 ||     2
  Use: Potion            |     3 |       ||     3
       Scroll            |     1 |       ||     1
 Stab: Sleeping          |     3 |     1 ||     4
Dodge: Dodged            |     5 |    12 ||    17

Table legend:
 A = Non-vault XP
 B = Vault XP
 C = Vault XP percentage of total XP
 D = Non-vault monster count
 E = Vault monster count
 F = Vault count percentage of total count
                 A         B        C        D         E       F
            +---------+---------+-------+---------+---------+-------
      Total |       0 |     339 | 100.0 |       0 |       8 | 100.0
            +---------+---------+-------+---------+---------+-------
          D |       0 |     339 | 100.0 |       0 |       8 | 100.0
            +---------+---------+-------+---------+---------+-------
